 Dungeon Crawl Stone Soup version 0.21.1-1-g345015f (webtiles) character file.

4560 microfolk the Insei (level 10, -2/103 HPs)
             Began as a White Draconian Transmuter on Apr 28, 2018.
             Was an Elder of Makhleb.
             Slain by a killer bee (8 damage)
             ... on level 8 of the Dungeon.
             The game lasted 00:34:35 (11695 turns).

microfolk the Insei (White Draconian Transmuter)   Turns: 11695, Time: 00:34:36

Health: -2/103     AC:  7    Str: 12      XL:     10   Next: 18%
Magic:  3/16       EV: 12    Int: 21      God:    Makhleb [****..]
Gold:   494        SH:  0    Dex:  5 (12) Spells: 8/17 levels left

rFire    x . .     SeeInvis .     - Unarmed
rCold    + + +     Gourm    .   (shield currently unavailable)
rNeg     . . .     Faith    .   (armour unavailable)
rPois    +         Spirit   .   (helmet currently unavailable)
rElec    .         Reflect  .   (cloak currently unavailable)
rCorr    .         Harm     .   (gloves currently unavailable)
MR       .....                  (boots currently unavailable)
Stlth    +.........             (no amulet)
HPRegen  0.27/turn              I - +2 ring of evasion
MPRegen  0.15/turn              C - +4 ring of intelligence

@: about to teleport, ice-form, drained
A: large, (breathe frost), unfitting armour, AC +7
a: End Transformation, Minor Destruction, Lesser Servant of Makhleb, Major
Destruction, Renounce Religion


You were on level 8 of the Dungeon.
You worshipped Makhleb.
Makhleb was greatly pleased with you.
You were not hungry.
You were a creature of crystalline ice.
You visited 1 branch of the dungeon, and saw 9 of its levels.

You collected 494 gold pieces.

Inventory:

Missiles
 e - 246 stones (quivered)
 f - 107 sling bullets
 z - 105 arrows
Armour
 g - a +2 cloak (melded)
 h - a +0 pair of gloves (melded)
 j - a +0 buckler
 k - a +0 pair of boots (melded)
 y - a +2 hat (melded)
Magical Staves
 a - an uncursed staff of cold
Jewellery
 v - an uncursed ring of magical power
 C - a +4 ring of intelligence (right front paw)
 D - an uncursed ring of see invisible
 E - an uncursed ring of flight
 I - a +2 ring of evasion (left front paw)
Wands
 A - a wand of iceblast (28)
Scrolls
 d - a scroll of random uselessness {unknown}
 l - 8 scrolls of remove curse
 m - 3 scrolls of enchant armour
 o - a scroll of fear {unknown}
 p - a scroll of teleportation
 q - 2 scrolls of amnesia
 s - a scroll of magic mapping {unknown}
 t - a scroll of blinking {unknown}
 x - a scroll of fog {unknown}
 B - 3 scrolls of identify
 F - a scroll of enchant weapon {unknown}
Potions
 i - 2 potions of curing
 n - a potion of agility
 r - a potion of brilliance
 u - a potion of lignification
 w - a potion of ambrosia {unknown}
 G - a potion of mutation
Books
 b - a book of Changes

   Spells                             Type                      Level
   a - Beastly Appendage              Transmutation                1
   b - Sticks to Snakes               Transmutation                2
   c - Spider Form                    Transmutation/Poison         3
   d - Ice Form                       Ice/Transmutation            4
   e - Blade Hands                    Transmutation                5
Miscellaneous
 J - a lamp of fire
Comestibles
 c - 20 rations
 H - a chunk of flesh


   Skills:
 + Level 7.0(6.6) Fighting
 - Level 3.0(2.7) Dodging
 + Level 7.7(7.3) Unarmed Combat
 - Level 4.0(3.7) Spellcasting
 * Level 7.4(7.0) Transmutations
 - Level 6.0(5.6) Ice Magic
 + Level 5.7(5.4) Invocations


You had 8 spell levels left.
You knew the following spells:

 Your Spells              Type           Power        Failure   Level  Hunger
b - Sticks to Snakes      Tmut           ####....     1%          2    ##.....
c - Spider Form           Tmut/Pois      ###.......   9%          3    ###....
d - Ice Form              Ice/Tmut       ####....     9%          4    ####...


Dungeon Overview and Level Annotations

Branches:
Dungeon (9/15)             Temple (0/1) D:6
   Lair: D:8-11         Orc: D:9-12

Altars:
Ashenzari
Elyvilon
Fedhas
Gozag
Makhleb
Ru
Xom

Shops:
D:4 *

Annotations:
D:2 exclusion: downstairs
D:3 GreenArt's ghost, amateur CeHu
D:5 exclusion: downstairs


Innate Abilities, Weirdness & Mutations

((You can breathe waves of freezing cold.))
((You can buffet flying creatures when you breathe cold.))
((Your icy white scales are hard. (AC +7)))
You cannot fit into any form of body armour.
((Your flesh is cold resistant. (rC+)))
((You are cold-blooded and may be slowed by cold attacks.))


Message History

The killer bee stings you but does no damage.
The killer bee closely misses you. The killer bee barely misses you.
The killer bee stings you.
* * * LOW HITPOINT WARNING * * *
You are poisoned.
The killer bee poisons you!
As you read the scroll of teleportation, it crumbles to dust.
You feel strangely unstable.
You feel sick. The killer bee closely misses you. The killer bee misses you.
The killer bee stings you.
* * * LOW HITPOINT WARNING * * *
The killer bee stings you.
* * * LOW HITPOINT WARNING * * *
You feel better.
The killer bee stings you but does no damage.
The killer bee barely misses you. The killer bee closely misses you.
The killer bee stings you.
* * * LOW HITPOINT WARNING * * *
The killer bee stings you but does no damage.
The killer bee barely misses you. The killer bee stings you!
You die...

######.....................#...##
...............).##.......##.....
.................................
.......#.....#.[###########.....#
.............##[####.............
..............<................[.
............<[.....###...^...##..
....#####...[............##.###..
...#####........Yy.......#..# #.#
................y>.........## #.[
...######.................### ##.
...#####....................###..
.....##..#...............##......
..........................###....
.................................
..###.###..#..>...........####...
.## #......#.####..#........##...


You could see 2 killer bees.

Vanquished Creatures
  Psyche (D:9)
  2 orc warriors
  3 ice beasts
  2 sky beasts
  An eye of draining (D:9)
  8 ogres
  2 phantoms
  2 centaurs (D:6)
  5 bullfrogs
  A scorpion (D:2)
  14 wights
  2 crimson imps
  2 bullfrog zombies
  3 hounds
  2 jellies
  A quasit (D:8)
  3 orc priests
  7 orc wizards
  3 centaur skeletons
  3 gnoll shamans (D:6)
  4 iguanas
  5 worker ants
  A hound skeleton (D:8)
  A hound zombie (D:6)
  36 gnolls
  A howler monkey skeleton (D:6)
  9 adders
  2 shadow imps (D:7)
  2 oozes
  An adder zombie (D:5)
  A worm (D:4)
  3 leopard geckos
  21 orcs
  A ball python (D:8)
  5 bats
  7 giant cockroaches
  3 hobgoblins
  32 jackals
  2 quokkas
  2 frilled lizards
  11 goblins
  6 kobolds
  A quokka skeleton (D:7)
  8 rats
232 creatures vanquished.

Vanquished Creatures (collateral kills)
  A quasit (D:5)
1 creature vanquished.

Grand Total: 233 creatures vanquished

Notes
Turn   | Place    | Note
-------+----------+-------------------------------------------
     0 | D:1      | microfolk the Draconian Transmuter began the quest for the Orb.
     0 | D:1      | Reached XP level 1. HP: 16/16 MP: 3/3
   442 | D:1      | Reached XP level 2. HP: 18/23 MP: 3/5
  1336 | D:2      | Found a burning altar of Makhleb.
  1344 | D:2      | Became a worshipper of Makhleb the Destroyer
  1444 | D:2      | Reached XP level 3. HP: 13/29 MP: 6/6
  1450 | D:2      | Learned a level 2 spell: Sticks to Snakes
  1454 | D:2      | Learned a level 3 spell: Spider Form
  1834 | D:2      | Noticed a bullfrog
  1900 | D:2      | Noticed a scorpion
  2124 | D:3      | Noticed GreenArt's ghost (amateur CeHu)
  2204 | D:3      | Reached XP level 4. HP: 36/36 MP: 5/7
  2804 | D:3      | Reached XP level 5. HP: 41/44 MP: 9/9
  2822 | D:3      | Found an opulent altar of Gozag.
  2888 | D:3      | Reached * piety under Makhleb
  3629 | D:4      | Found Hioxaump's General Store.
  3961 | D:4      | Noticed a phantom
  4164 | D:4      | Reached XP level 6. HP: 42/51 MP: 7/10
  4496 | D:4      | Reached ** piety under Makhleb
  4531 | D:4      | Found a burning altar of Makhleb.
  4533 | D:4      | Found a white marble altar of Elyvilon.
  4533 | D:4      | Found a shattered altar of Ashenzari.
  4535 | D:4      | Found a white marble altar of Elyvilon.
  4535 | D:4      | Found a glowing golden altar of the Shining One.
  4535 | D:4      | Found a shimmering altar of Xom.
  4781 | D:5      | Entered Level 5 of the Dungeon
  4810 | D:5      | Your scales start taking on an icy white colour.
  4810 | D:5      | Reached XP level 7. HP: 57/57 MP: 10/12
  4810 | D:5      | Gained mutation: Your flesh is cold resistant. (rC+) [White Draconian growth]
  4998 | D:5      | Reached skill level 5 in Transmutations
  5157 | D:5      | Reached skill level 5 in Unarmed Combat
  5179 | D:5      | Learned a level 4 spell: Ice Form
  5244 | D:5      | Reached skill level 1 in Ice Magic
  5697 | D:5      | Reached XP level 8. HP: 40/63 MP: 6/14
  6149 | D:6      | Found a blossoming altar of Fedhas.
  6242 | D:6      | Found a staircase to the Ecumenical Temple.
  6374 | D:6      | Reached skill level 1 in Invocations
  6890 | D:6      | Reached skill level 5 in Ice Magic
  7281 | D:6      | Reached skill level 5 in Fighting
  7289 | D:6      | Reached *** piety under Makhleb
  7547 | D:6      | Reached XP level 9. HP: 74/74 MP: 11/15
  8330 | D:6      | Reached **** piety under Makhleb
  9584 | D:8      | Reached skill level 5 in Invocations
  9943 | D:7      | HP: 2/93 [orc warrior/battleaxe (16)]
 10657 | D:9      | Noticed Psyche
 10762 | D:8      | Reached XP level 10. HP: 64/84 MP: 14/16
 10931 | D:9      | Killed Psyche
 11593 | D:9      | Found a sacrificial altar of Ru.
 11691 | D:8      | HP: 5/103 [killer bee (6)]
 11693 | D:8      | HP: 1/103 [killer bee (6)]
 11695 | D:8      | Slain by a killer bee

Skill      XL: |  1  2  3  4  5  6  7  8  9 10 |
---------------+-------------------------------+-----
Fighting       | 2 3 5 6 7 |  7.0
Transmutations | 3 4 5 6 7 |  7.4
Spellcasting   | 3 4 |  4.0
Unarmed Combat | 4 5 6 7 |  7.7
Dodging        | 2 3 |  3.0
Ice Magic      | 2 5 6 |  6.0
Invocations    | 3 5 |  5.7

Action                   |  1- 3 |  4- 6 |  7- 9 | 10-12 || total
-------------------------+-------+-------+-------+-------++-------
Melee: Unarmed           |    94 |   191 |   511 |    59 ||   855
       Headbutt          |     5 |    10 |       |       ||    15
       Tailslap          |     5 |    11 |    21 |     3 ||    40
       Kick              |     6 |       |       |       ||     6
       Punch             |     1 |     7 |     6 |     2 ||    16
       Staff             |       |       |    54 |     4 ||    58
Throw: Stone             |     3 |     3 |     5 |     1 ||    12
 Cast: Beastly Appendage |    12 |    11 |     1 |       ||    24
       Sticks to Snakes  |     3 |     2 |     5 |     2 ||    12
       Spider Form       |       |    11 |    49 |     6 ||    66
       Ice Form          |       |       |     7 |     3 ||    10
Invok: Minor Destruction |       |       |     4 |       ||     4
  Use: Scroll            |     3 |     5 |     4 |     3 ||    15
       Potion            |       |       |     1 |     5 ||     6
 Stab: Sleeping          |       |     1 |     1 |       ||     2
  Eat: Chunk             |     4 |    10 |    19 |     5 ||    38
       Ration            |       |       |     2 |       ||     2
Armor: Skin              |    25 |    43 |   110 |    68 ||   246
Dodge: Dodged            |    65 |   104 |   435 |   154 ||   758
